 Dungeon Crawl Stone Soup version 0.31-a0-859-g9dce7d3444 (webtiles) character file.

Game seed: 7005113462575383196

2510 BinkBink the Fighter (level 9, 0/95 (97) HPs)
             Began as an Ogre Fighter on Oct 10, 2023.
             Was a Believer of Okawaru.
             Slain by a gnoll sergeant
             ... wielding a +0 trident
              (10 damage)
             ... on level 8 of the Dungeon.
             The game lasted 00:10:22 (7427 turns).

BinkBink the Fighter (Ogre Fighter)                 Turns: 7427, Time: 00:10:22

HP:   0/95 (97)     AC:  3    Str: 32    XL:     9   Next: 53%
MP:   9/9           EV: 10    Int:  9    God:    Okawaru [**....]
Gold: 414           SH: 13    Dex:  8    Spells: 8/8 levels left

rFire   . . .        a - +0 flail
rCold   . . .        c - +0 kite shield
rNeg    . . .        b - +0 robe
rPois   .            (helmet restricted)
rElec   .            (no cloak)
rCorr   .            (gloves unavailable)
SInv    .            (boots unavailable)
Will    .....        t - amulet of reflection
Stlth   +            D - +6 ring of strength
HPRegen 0.35/turn    o - +4 ring of slaying
MPRegen 0.11/turn

%: reflection
@: lightly drained
A: large, unfitting armour, tough skin 1
a: Renounce Religion, Heroism


You were on level 8 of the Dungeon.
You worshipped Okawaru.
Okawaru was pleased with you.
You visited 1 branch of the dungeon, and saw 8 of its levels.

You collected 414 gold pieces.

Inventory:

Hand Weapons
 a - a +0 flail (weapon)
 x - a +0 giant club
Missiles
 u - a throwing net
Armour
 b - a +0 robe (worn)
 c - a +0 kite shield (worn)
Jewellery
 g - a +5 ring of evasion
 l - a ring of wizardry
 o - a +4 ring of slaying (right hand)
 t - an amulet of reflection (around neck)
 v - a ring of ice
 D - a +6 ring of strength (left hand)
Wands
 w - a wand of digging (4)
 y - a wand of iceblast (6)
Scrolls
 e - a scroll of fog
 k - a scroll of blinking {unknown}
 m - 2 scrolls of teleportation
 n - 3 scrolls of noise
 q - 2 scrolls of enchant weapon {unknown}
 r - a scroll of vulnerability {unknown}
 z - 2 scrolls of torment
 C - 2 scrolls of poison {unknown}
 E - a scroll of brand weapon {unknown}
Potions
 d - 2 potions of might
 f - a potion of haste
 h - a potion of lignification
 p - 2 potions of degeneration
 B - a potion of invisibility {unknown}


   Skills:
 + Level 8.3 Fighting
 * Level 7.5 Maces & Flails
 + Level 5.8 Dodging
 + Level 6.3 Shields


You had 8 spell levels left.
You didn't know any spells.
Your spell library contained the following spells:

 Spells                   Type           Power      Damage    Failure   Level
 Foxfire                  Conj/Fire      0%         2x1d4     56%         1
 Sting                    Tmut/Pois      0%         1d3       56%         1
 Poisonous Vapours        Pois/Air       0%         N/A       71%         2
 Dazzling Flash           Conj/Hex       0%         N/A       90%         3
 Olgreb's Toxic Radiance  Pois           0%         N/A       100%        4
 Agony                    Necr           0%         N/A       100%        5
 Silence                  Hex/Air        0%         N/A       100%        5
 Plasma Beam              Fire/Air       0%         2x1d10    100%        6
 Starburst                Conj/Fire      0%         6d3       100%        6


Dungeon Overview and Level Annotations

Branches:
Dungeon (8/15)             Temple (0/1) D:7
   Lair: D:8-11

Altars:
Fedhas
Nemelex Xobeh
Okawaru
Trog
Vehumet
Yredelemnul

Shops:
D:1 [   D:3 :

Annotations:
D:7 3 runed translucent doors, IndexError's ghost, novice GrEE
D:8 2 transporters, exclusion: obsidian statue


Innate Abilities, Weirdness & Mutations

You are too large for most types of armour.
You have tough skin. (AC +1)


Message History

* * * LOW HITPOINT WARNING * * *
You feel less attractive to monsters.
It was a potion of heal wounds.
You feel much better.
The gnoll sergeant hits you from afar with a +0 trident!
* * * LOW HITPOINT WARNING * * *
You block the orc's attack.
You hit the gnoll.
The gnoll is heavily wounded.
You block the orc's attack. The gnoll hits you with a +0 club.
* * * LOW HITPOINT WARNING * * *
You block the gnoll sergeant's attack.
You bludgeon the gnoll!!
You kill the gnoll!
Okawaru accepts your kill.
The gnoll sergeant hits you from afar with a +0 trident!
* * * LOW HITPOINT WARNING * * *
The orc hits you with a +0 mace.
* * * LOW HITPOINT WARNING * * *
You feel better. You block the orc's attack.
The gnoll sergeant hits you from afar with a +0 trident.
* * * LOW HITPOINT WARNING * * *
The orc hits you with a +0 mace.
* * * LOW HITPOINT WARNING * * *
As you read the scroll of fog, it dissolves into smoke.
You block the orc's attack. You block the gnoll sergeant's attack.
You block the orc's attack.
You feel better. You block the orc's attack.
The gnoll sergeant hits you from afar with a +0 trident.
* * * LOW HITPOINT WARNING * * *
You block the orc's attack.
You hit the orc.
The orc is moderately wounded.
You block the orc's attack. x2
The gnoll sergeant hits you from afar with a +0 trident.
* * * LOW HITPOINT WARNING * * *
You sock the orc!
You kill the orc!
Okawaru accepts your kill.
The gnoll sergeant hits you from afar with a +0 trident!
You die...

.......#####......###
..................#
..................#
...................#
.####..##.......#..#
##..####.....###..
##§§## ....### #.
#§§§# ....## # #o@##
...## #o§## ## #§g#
#... ..... .....
..... ....


You could see a gnoll sergeant, an orc priest and an orc.

Vanquished Creatures
  Sigmund (D:3)
  4 orc warriors
  5 black bears
  An ogre (D:7)
  A kobold brigand (D:8)
  A bullfrog (D:7)
  A gnoll sergeant (D:6)
  4 scorpions
  4 howler monkeys (D:7)
  2 electric eels
  2 hounds
  4 orc priests (D:8)
  A gnoll bouda (D:4)
  Terence (D:3)
  2 sleepcaps
  2 iguanas
  5 orc wizards
  11 gnolls
  4 adders
  2 ufetubi (D:4)
  2 worms
  6 dart slugs
  28 orcs
  11 ball pythons
  6 bats
  9 endoplasms
  2 giant cockroaches
  8 goblins
  5 hobgoblins
  17 jackals
  2 quokkas
  5 frilled lizards
  8 kobolds
  9 rats
176 creatures vanquished.

Notes
Turn   | Place    | Note
-------+----------+-------------------------------------------
     0 | D:1      | BinkBink the Ogre Fighter began the quest for the Orb.
     0 | D:1      | Reached XP level 1. HP: 24/24 MP: 1/1
    72 | D:1      | Reached XP level 2. HP: 17/32 MP: 2/2
   311 | D:1      | Reached XP level 3. HP: 39/39 MP: 3/3
   312 | D:1      | Found Kulagun's Armour Shop.
  1133 | D:2      | Reached XP level 4. HP: 49/49 MP: 4/4
  1196 | D:2      | Found a bloodstained altar of Trog.
  1377 | D:3      | Found Bougguge's Book Emporium.
  1587 | D:3      | Noticed Sigmund
  1635 | D:3      | Noticed Terence
  1663 | D:3      | Killed Terence
  2206 | D:3      | Found a blossoming altar of Fedhas.
  2234 | D:3      | Reached XP level 5. HP: 55/55 MP: 5/5
  2479 | D:3      | Killed Sigmund
  2480 | D:3      | Reached skill level 5 in Fighting
  2480 | D:3      | Reached XP level 6. HP: 44/66 MP: 6/6
  2983 | D:4      | Found a radiant altar of Vehumet.
  2999 | D:4      | Found a basalt altar of Yredelemnul.
  3338 | D:4      | Noticed a black bear
  3347 | D:4      | Killed a black bear
  3348 | D:4      | Reached XP level 7. HP: 71/74 MP: 7/7
  3507 | D:5      | Entered Level 5 of the Dungeon
  3646 | D:5      | Reached skill level 6 in Fighting
  4356 | D:5      | Reached skill level 5 in Maces & Flails
  4612 | D:6      | Reached XP level 8. HP: 35/84 MP: 8/8
  4615 | D:6      | Reached skill level 5 in Shields
  4889 | D:6      | Found an iron altar of Okawaru.
  5236 | D:6      | Reached skill level 7 in Fighting
  5236 | D:6      | Reached skill level 5 in Dodging
  5328 | D:6      | Became a worshipper of Warmaster Okawaru
  5333 | D:6      | Found a sparkling altar of Nemelex Xobeh.
  6030 | D:7      | Reached * piety under Okawaru
  6031 | D:7      | Reached XP level 9. HP: 73/93 MP: 9/9
  6336 | D:7      | Found a staircase to the Ecumenical Temple.
  6576 | D:7      | Reached skill level 8 in Fighting
  6780 | D:7      | Found a runed translucent gate.
  6780 | D:7      | Noticed IndexError's ghost (novice GrEE)
  6781 | D:7      | Found a runed translucent gate.
  6782 | D:7      | Found a runed translucent gate.
  7009 | D:8      | Found a transporter.
  7034 | D:8      | Noticed a gargoyle
  7035 | D:8      | Noticed an obsidian statue
  7036 | D:8      | Noticed a freezing wraith
  7042 | D:8      | Found a transporter.
  7411 | D:8      | Reached ** piety under Okawaru
  7427 | D:8      | Slain by a gnoll sergeant

Illustrated notes

Levels and vault maps discovered:
D:1:      ncdulo_lavacross, layout_loops_cross, serial_shops, shop
D:2:      layout_rooms, basic_altar, st_stairs_10, grunt_ministairs_14,
          minmay_misc_feat_pillars, amethyst_killhole,
          kennysheep_decorative_pillar, minmay_ruptured
D:3:      layout_loops_corners, lemuel_crystal_altar, serial_shops,
          nicolae_shop_stone, serial_co_window_serial, co_window_paths_a,
          co_window_of_opportunity_a, co_window_paths_b, co_window_corner_a,
          co_window_corner_a, co_window_of_opportunity_b, co_window_corner_b,
          co_window_broadway_a, co_window_cross_2, co_window_cross_3,
          co_window_unsneaky_path_b, co_window_cross_3, uniq_terence,
          uniq_sigmund
D:4:      layout_rooms, chequers_temple_overflow_statue_of_worship
D:5:      layout_loops_ring, chequers_serial_rivers_large_a
D:6:      layout_loops_ring, mainiacjoe_overflow_catch_the_wave, st_stairs_6
D:7:      layout_loops_ring, minmay_temple_entry_slanted,
          biasface_ghost_orc_armoury, minivault_4
D:8:      gammafunk_sealed_arena, layout_cave_pods, eino_tiny_chamber

Skill      XL: |  1  2  3  4  5  6  7  8  9 |
---------------+----------------------------+-----
Maces & Flails | 2 3 4 5 6 7 |  7.5
Dodging        | 3 4 5 |  5.8
Fighting       | 5 6 7 8 |  8.3
Shields        | 4 5 6 |  6.3

Action                     |  1- 3 |  4- 6 |  7- 9 || total
---------------------------+-------+-------+-------++-------
  Melee: Flail             |   115 |   169 |   274 ||   558
    Use: Scroll            |       |     4 |     4 ||     8
         Potion            |       |       |     8 ||     8
 Armour: Robe              |    60 |    90 |   145 ||   295
         Skin              |       |       |     3 ||     3
  Dodge: Dodged            |    70 |    87 |   112 ||   269
  Block: Kite shield       |    42 |    82 |   199 ||   323
         Reflection        |       |       |     1 ||     1

Table legend: (Time is in decaauts)
 A = Elapsed time spent in this place.
 B = Non-inter-level travel time spent in this place.
 C = Inter-level travel time spent in this place.
 D = Time resting spent in this place.
 E = Time spent auto-exploring this place.
 F = Levels seen in this place.
 G = Mean time per level.
                   A        B        C        D        E       F      G
               +--------+--------+--------+--------+--------+-----+--------+
         Total |   7586 |   7324 |    262 |    641 |   5247 |   8 |  948.2 |
       Dungeon |   7586 |   7324 |    262 |    641 |   5247 |   8 |  948.2 |
               +--------+--------+--------+--------+--------+-----+--------+

Top non-repeatable levels by time:
     D:3: 1422 daAuts
     D:6: 1287 daAuts
     D:7: 1186 daAuts
     D:5: 975 daAuts
     D:1: 818 daAuts
     D:4: 770 daAuts
     D:2: 609 daAuts
     D:8: 515 daAuts
